 Dungeon Crawl Stone Soup version 0.21-a0-228-g14ccbf3 (webtiles) character file.

11818 Gorglomux the Spear-Bearer (level 11, -5/80 HPs)
             Began as a Demonspawn Enchanter on Aug 31, 2017.
             Was a High Priest of Hepliaklqana.
             Slain by a manticore (10 damage)
             ... on level 11 of the Dungeon.
             The game lasted 00:34:13 (12721 turns).

Gorglomux the Spear-Bearer (Demonspawn Enchanter)  Turns: 12721, Time: 00:34:14

Health: -5/80      AC: 12    Str: 12    XL:     11   Next: 54%
Magic:  0/14       EV: 15    Int: 17    God:    Hepliaklqana [*****.]
Gold:   651        SH:  0    Dex: 13    Spells: 11/14 levels left

rFire    . . .     SeeInvis .   a - +0 halberd
rCold    + . .     Gourm    .   (shield currently unavailable)
rNeg     . . .     Faith    .   N - +0 ring mail
rPois    .         Spirit   +   (helmet restricted)
rElec    .         Reflect  .   I - +0 cloak
rCorr    +         Harm     .   (no gloves)
MR       +....                  Y - +0 pair of boots
Stlth    +.........             H - amulet of guardian spirit
HPRegen  0.23/turn              g - ring of resist corrosion
MPRegen  0.14/turn              m - ring of protection from magic

@: barbed spikes
A: reduced essence, antennae 2, yellow scales 2, cold resistance 1, freezing
cloud immunity
a: Recall Ancestor, Ancestor Identity, Transference, Idealise, Renounce Religion


You were on level 11 of the Dungeon.
You worshipped Hepliaklqana.
Hepliaklqana was extremely pleased with you.
You were not hungry.

You visited 1 branch of the dungeon, and saw 11 of its levels.

You collected 651 gold pieces.

Inventory:

Hand Weapons
 a - a +0 halberd (weapon)
 b - a +0 hand crossbow
 X - a +1 dagger
Missiles
 W - 103 bolts
Armour
 I - a +0 cloak (worn)
 N - a +0 ring mail (worn)
 Y - a +0 pair of boots (worn)
Jewellery
 g - a ring of resist corrosion (left hand)
 m - a ring of protection from magic (right hand)
 H - an amulet of guardian spirit (around neck)
 U - an uncursed ring of magical power
Scrolls
 x - 2 scrolls of blinking {unknown}
 y - a scroll of vulnerability {unknown}
 A - 6 scrolls of remove curse
 C - a scroll of random uselessness {unknown}
 D - 2 scrolls of enchant armour {unknown}
 E - a scroll of fear {unknown}
 G - 2 scrolls of noise {unknown}
 J - 3 scrolls of fog
 K - a scroll of immolation {unknown}
 O - 2 scrolls of enchant weapon
 R - a scroll of identify
 T - 6 scrolls of teleportation
 V - a scroll of magic mapping {unknown}
Potions
 w - a potion of berserk rage {unknown}
 B - 3 potions of flight
 M - a potion of haste
 P - 3 potions of agility
 Q - 5 potions of curing
 S - a potion of cancellation
 Z - 2 potions of might
Books
 c - a book of Maledictions

   Spells                             Type                      Level
   a - Corona                         Hexes                        1
   b - Ensorcelled Hibernation        Hexes/Ice                    2
   c - Confuse                        Hexes                        3
   d - Tukima's Dance                 Hexes                        3
   e - Dazzling Spray                 Conjuration/Hexes            3
 e - a book of Minor Magic

   Spells                             Type                      Level
   a - Magic Dart                     Conjuration                  1
   b - Blink                          Translocation                2
   c - Call Imp                       Summoning                    2
   d - Slow                           Hexes                        2
   e - Conjure Flame                  Conjuration/Fire             3
   f - Mephitic Cloud                 Conjuration/Poison/Air       3
Comestibles
 d - 10 bread rations
 v - 11 chunks of flesh
 z - 3 meat rations
 F - 4 royal jellies
 L - a fruit


   Skills:
 - Level 9.1 Fighting
 - Level 0.8 Short Blades
 + Level 9.2 Polearms
 - Level 8.2 Armour
 - Level 8.4 Dodging
 - Level 2.6 Stealth
 - Level 2.0 Spellcasting
 - Level 3.0 Hexes


You had 11 spell levels left.
You knew the following spells:

 Your Spells              Type           Power        Failure   Level  Hunger
a - Corona                Hex            ##.....      11%         1    #......
z - Ensorcelled Hibernat  Hex/Ice        #.....       30%         2    ###....


Dungeon Overview and Level Annotations

Branches:
Dungeon (11/15)            Temple (0/1) D:4            Lair (0/6) D:9
    Orc (0/2) D:9

Altars:
Dithmenos
Gozag
Hepliaklqana
Kikubaaqudgha
Nemelex Xobeh
Okawaru
Ru
Trog
Yredelemnul
The Shining One

Annotations:
D:3 Monsterracer's ghost, amateur MfTm


Innate Abilities, Weirdness & Mutations

You have a pair of antennae on your head.
You are mostly covered in yellow scales. (AC +3)
Your flesh is cold resistant. (rC+)
You are immune to freezing clouds.
Your life essence is reduced to manifest your ancestor. (-10% HP)


Message History

The manticore closely misses you!
Your ring mail prevents you from hitting the manticore!
The manticore is almost dead!
The manticore bites you but does no damage!
The manticore claws you! * * * don't die
* * * The butt claws you! * * * don't die
* * * Nakurtum barely misses the manticore!
You completely miss the manticore!
The manticore is almost dead!
The manticore closely misses you!
The manticore claws you! * * * don't die
* * * The manticore butts you! * * * don't die
* * * Nakurtum completely misses the manticore!
You open the manticore like a pillowcase!
The manticore is almost dead!
The manticore bites you!!! butt

......# .......##
......... ........###
..[.(.....
.........#####.
.#..(..R.......
####......H.###
#.....####.@..## #.....
#.##..# . {#....#
###.###.#...
#....###........... {
#.....(รท(#.........
#....(####.........
#.....####.......##
#....##.().......#
..y.....##.(<#........#


You could see the friendly Nakurtum the knight and a manticore.

Vanquished Creatures
  A centaur warrior (D:10)
  An ugly thing (D:10)
  A cyclops (D:10)
  8 yaks
  2 orc warriors (D:9)
  A sky beast (D:11)
  A phantom (D:6)
  An ice beast (D:10)
  2 ogres
  2 centaurs
  A big kobold (D:7)
  5 bullfrogs
  A scorpion (D:6)
  6 killer bees
  A howler monkey (D:6)
  2 crimson imps
  A quasit (D:11)
  An orc priest (D:9)
  2 hounds (D:6)
  An orc wizard (D:3)
  A centaur skeleton (D:9)
  A human zombie (D:7)
  3 worker ants
  An iguana (D:7)
  A mummy (D:7)
  A worker ant zombie (D:5)
  8 adders
  A shadow imp (D:10)
  An adder zombie (D:10)
  A worm (D:2)
  2 dart slugs
  A leopard gecko (D:2)
  14 orcs
  5 giant cockroaches
  9 goblins
  3 hobgoblins (D:1)
  11 jackals
  6 bats
  5 frilled lizards
  5 kobolds
  A leopard gecko skeleton (D:5)
  11 rats
133 creatures vanquished.

Vanquished Creatures (collateral kills)
  2 two-headed ogres
  Pikel (D:7)
  Joseph (D:10)
  A hippogriff (D:11)
  Eustachio (D:5)
  5 yaks
  A wraith (D:7)
  Edmund (D:6)
  Duvessa (D:6)
  A slave (D:7)
  2 ice beasts
  3 orc warriors
  A black bear (D:9)
  A necrophage (D:7)
  A sky beast (D:6)
  A phantom (D:7)
  A centaur (D:9)
  Blork the orc (D:5)
  4 bullfrogs
  Dowan (D:6)
  3 scorpions
  8 killer bees
  9 wights
  3 howler monkeys
  6 crimson imps
  3 human zombies (D:7)
  2 quasits
  3 hounds (D:6)
  3 jellies
  4 orc priests
  6 orc wizards
  2 centaur skeletons
  A human skeleton (D:7)
  3 iguanas
  8 worker ants
  A hound skeleton (D:9)
  2 mummies (D:7)
  4 adders
  2 shadow imps
  An ooze (D:2)
  An adder skeleton (D:4)
  3 leopard geckos
  21 orcs
  A giant cockroach (D:5)
  A hobgoblin (D:3)
  6 jackals
  A quokka (D:9)
  2 bats
  A frilled lizard (D:4)
  2 kobolds (D:11)
  A leopard gecko skeleton (D:3)
  An orc zombie (D:7)
  A rat (D:3)
147 creatures vanquished.

Vanquished Creatures (others)
  2 slaves (D:7)
  A hound (D:4)
  8 knights
  2 ancestors
  5 kobolds (D:7)
18 creatures vanquished.

Grand Total: 298 creatures vanquished

Notes
Turn   | Place    | Note
-------+----------+-------------------------------------------
     0 | D:1      | Gorglomux the Demonspawn Enchanter began the quest for the Orb.
     0 | D:1      | Reached XP level 1. HP: 13/13 MP: 3/3
   372 | D:1      | Gained mutation: You have a pair of small antennae on your head. [demonic ancestry]
   372 | D:1      | Reached XP level 2. HP: 20/20 MP: 3/5
   749 | D:1      | Reached skill level 1 in Fighting
   753 | D:1      | Learned a level 2 spell: Ensorcelled Hibernation
   799 | D:1      | Reached skill level 1 in Armour
  1188 | D:2      | Gained mutation: You are partially covered in yellow scales. (AC +2) [demonic ancestry]
  1188 | D:2      | Reached XP level 3. HP: 20/26 MP: 3/6
  1457 | D:2      | Found a faded altar of an unknown god.
  1465 | D:2      | Became a worshipper of Hepliaklqana the Forgotten
  1465 | D:2      | Reached * piety under Hepliaklqana
  2116 | D:3      | Gained mutation: You are mostly covered in yellow scales. (AC +3) [demonic ancestry]
  2116 | D:3      | Reached XP level 4. HP: 25/29 MP: 4/7
  2158 | D:3      | Noticed Monsterracer's ghost (amateur MfTm)
  2501 | D:3      | Reached ** piety under Hepliaklqana
  2502 | D:3      | Remembered your ancestor Nakurtum as a knight
  2944 | D:3      | Reached skill level 3 in Dodging
  2944 | D:3      | Reached XP level 5. HP: 33/35 MP: 8/8
  3668 | D:4      | Reached skill level 3 in Fighting
  3791 | D:4      | Reached skill level 3 in Armour
  3816 | D:4      | Found a staircase to the Ecumenical Temple.
  3909 | D:4      | Gained mutation: Your flesh is cold resistant. (rC+) [demonic ancestry]
  3909 | D:4      | Reached XP level 6. HP: 35/42 MP: 9/9
  4690 | D:5      | Entered Level 5 of the Dungeon
  4781 | D:5      | Found a bloodstained altar of Trog.
  4957 | D:5      | Found a glowing golden altar of the Shining One.
  4961 | D:5      | Reached *** piety under Hepliaklqana
  4965 | D:5      | Noticed Eustachio
  5002 | D:5      | Killed Eustachio
  5002 | D:5      | Gained mutation: You are immune to freezing clouds. [demonic ancestry]
  5002 | D:5      | Reached XP level 7. HP: 45/49 MP: 4/10
  5103 | D:5      | Noticed Blork the orc
  5123 | D:5      | Killed Blork the orc
  5613 | D:6      | Found a sparkling altar of Nemelex Xobeh.
  5694 | D:6      | Reached XP level 8. HP: 55/55 MP: 11/11
  5912 | D:6      | Noticed Duvessa
  5945 | D:6      | Killed Duvessa
  5945 | D:6      | Reached skill level 6 in Fighting
  5978 | D:6      | Noticed Dowan
  5994 | D:6      | Killed Dowan
  6046 | D:6      | Found a shadowy altar of Dithmenos.
  6298 | D:6      | Reached skill level 6 in Dodging
  6358 | D:6      | Noticed Edmund
  6377 | D:6      | Killed Edmund
  6588 | D:6      | Reached skill level 6 in Armour
  6588 | D:6      | Reached XP level 9. HP: 54/63 MP: 12/12
  6762 | D:6      | Reached **** piety under Hepliaklqana
  7515 | D:7      | Reached skill level 1 in Polearms
  7642 | D:7      | You fall through a shaft!
  7642 | D:8      | Noticed a two-headed ogre
  7798 | D:8      | Killed a two-headed ogre
  8119 | D:7      | Noticed Pikel
  8174 | D:7      | Killed Pikel
  8174 | D:7      | Reached skill level 3 in Polearms
  8174 | D:7      | Reached XP level 10. HP: 72/72 MP: 13/13
  8325 | D:7      | Found an ancient bone altar of Kikubaaqudgha.
  8922 | D:8      | Found a basalt altar of Yredelemnul.
  8934 | D:8      | Found a sacrificial altar of Ru.
  8940 | D:8      | Found a hazy altar of Hepliaklqana.
  9095 | D:9      | Found a staircase to the Lair.
  9165 | D:9      | Found an opulent altar of Gozag.
  9222 | D:9      | Found an iron altar of Okawaru.
 10074 | D:9      | Found a staircase to the Orcish Mines.
 10184 | D:10     | Entered Level 10 of the Dungeon
 10498 | D:10     | Reached ***** piety under Hepliaklqana
 10498 | D:10     | Noticed Joseph
 10583 | D:10     | Killed Joseph
 10583 | D:10     | Reached skill level 9 in Fighting
 11029 | D:10     | Noticed a cyclops
 11036 | D:10     | Killed a cyclops
 11036 | D:10     | Reached skill level 6 in Polearms
 11036 | D:10     | Gained mutation: You have a pair of antennae on your head. [demonic ancestry]
 11036 | D:10     | Reached XP level 11. HP: 44/80 MP: 7/14
 11143 | D:10     | Noticed a two-headed ogre
 11175 | D:10     | Killed a two-headed ogre
 11544 | D:10     | Noticed a centaur warrior
 11566 | D:10     | Killed a centaur warrior
 11621 | D:10     | Dont let the ancestor run into a shooter for a while
 11677 | D:11     | Noticed a five-headed hydra
 11677 | D:11     | Noticed a cyan ugly thing
 12004 | D:10     | Killed a cyan ugly thing
 12660 | D:11     | Reached skill level 9 in Polearms
 12720 | D:11     | HP: 4/80 [manticore (4)]
 12721 | D:11     | Slain by a manticore

Vault maps used:
D:1:      mushboom_english_gardens
D:2:      chequers_ecumenical_altar_simple_redux
D:3:      kennysheep_six_static_rooms, serial_bayou_lagoon_b
D:4:      lemuel_temple_firewalk_a, st_stairs_8
D:5:      kennysheep_mini_moat, nicolae_tso_carved_into_rock, first_bread,
          uniq_eustachio, uniq_blork_the_orc
D:6:      old_standard_altar, old_standard_altar, minmay_strange_pillars,
          uniq_duvessa, uniq_edmund
D:7:      lemuel_mausoleum_altar_kikubaaqudgha, uniq_pikel
D:8:      grunt_temple_overflow_open
D:9:      grunt_gozag_breadcrumbs, okawaru_gym_becter, lair_entry_dummy,
          david_orc_4
D:10:     kennysheep_another_room, uniq_joseph

Skill      XL: |  1  2  3  4  5  6  7  8  9 10 11 |
---------------+----------------------------------+-----
Dodging        | 2 3 4 5 6 7 8 |  8.4
Fighting       | 1 2 3 4 5 6 8 9 |  9.1
Armour         | 1 2 3 4 6 7 8 |  8.2
Polearms       | 3 6 9 |  9.2
Short Blades   | |  0.8
Stealth        | |  2.6
Spellcasting   | |  2.0
Hexes          | |  3.0

Action                   |  1- 3 |  4- 6 |  7- 9 | 10-12 || total
-------------------------+-------+-------+-------+-------++-------
Melee: Dagger            |   173 |   133 |   169 |       ||   475
       Spear             |       |       |    41 |   236 ||   277
       Halberd           |       |       |       |   200 ||   200
 Fire: Hand crossbow     |       |    34 |    80 |    24 ||   138
 Cast: Corona            |    20 |       |       |       ||    20
       Ensorcelled Hiber |     6 |     3 |     4 |       ||    13
Invok: Recall Ancestor   |     1 |     6 |    18 |    25 ||    50
       Ancestor Life: Kn |       |     1 |       |       ||     1
  Use: Scroll            |     2 |     3 |     2 |     4 ||    11
       Potion            |       |       |       |     2 ||     2
 Stab: Sleeping          |    11 |     3 |     2 |    15 ||    31
       Distracted        |     1 |     3 |     2 |     4 ||    10
  Eat: Chunk             |     5 |     4 |    10 |     9 ||    28
       Meat ration       |       |     1 |       |     1 ||     2
       Bread ration      |       |       |       |     1 ||     1
Armor: Robe              |    35 |    29 |       |       ||    64
       Ring mail         |       |    19 |    85 |   101 ||   205
Dodge: Dodged            |   115 |    98 |   120 |   239 ||   572

Table legend:
 A = Spawn XP
 B = Non-spawn XP
 C = Spawn XP percentage of total XP
 D = Spawn monster count
 E = Non-spawn monster count
 F = Spawn count percentage of total count
 G = Total turns spent on level
                    A         B        C        D         E        F      G
               +---------+---------+-------+---------+---------+-------+---------
         Total |    1832 |   15051 |  10.9 |      29 |     250 |  10.4 | 12721
               +---------+---------+-------+---------+---------+-------+---------
           D:1 |       6 |      33 |  15.4 |       4 |      20 |  16.7 |  1157
           D:2 |      12 |      44 |  21.4 |       5 |      18 |  21.7 |  1040
           D:3 |       2 |     117 |   1.7 |       2 |      22 |   8.3 |  1360
           D:4 |      46 |     291 |  13.6 |       3 |      12 |  20.0 |  1133
           D:5 |     137 |     494 |  21.7 |       3 |      16 |  15.8 |   850
           D:6 |     426 |    1415 |  23.1 |       7 |      22 |  24.1 |  1440
           D:7 |       3 |    2188 |   0.1 |       1 |      31 |   3.1 |  1312
           D:8 |       0 |    1455 |   0.0 |       0 |      16 |   0.0 |   783
           D:9 |      67 |    1585 |   4.1 |       2 |      40 |   4.8 |  1243
          D:10 |    1133 |    4817 |  19.0 |       2 |      29 |   6.5 |  2193
          D:11 |       0 |    2612 |   0.0 |       0 |      24 |   0.0 |   210
               +---------+---------+-------+---------+---------+-------+---------
